 Dungeon Sprint DCSS version 0.30-a0-726-gd89dcf765f (webtiles) character file.

Game seed: 2256330338541181003

229701 mhtbhm the Formicid Barricade (level 20, -6/197 HPs)
             Began as a Formicid Fighter on Jan 28, 2023.
             Was the Champion of Qazlal.
             Mangled by Ereshkigal (16 damage)
             ... in the Dungeon (Sprint V: "Ziggurat Sprint") on Jan 29, 2023.
             The game lasted 00:23:33 (4179 turns).

mhtbhm the Formicid Barricade (Formicid Fighter)    Turns: 4179, Time: 00:23:34

Health: -6/197     AC: 50    Str: 41    XL:     20   Next: 65%
Magic:  23/37      EV: 16    Int:  9    God:    Qazlal [******]
Gold:   0          SH: 49    Dex: 13    Spells: 18/24 levels left

rFire   . . .      SeeInvis +    a - +17 lance "Wyrmbane" {slay drac, rPois rF+ rC+ AC+3}
rCold   + + .      Faith    .    c - +18 shield of the Gong {Loud rElec rN+ Will+ EV-5}
rNeg    + . .      Spirit   .    b - +15 Maxwell's patent armour {-Cast -Tele rElec Will+ rCorr}
rPois   +          Reflect  +    (helmet unavailable)
rElec   +          Harm     .    Q - +0 cloak {rCorr}
rCorr   +          Rampage  .    (no gloves)
Will    ++++.      NoCast   +    S - +3 pair of mountain boots {steadfast, rC+} Stlth
                                 M - amulet of reflection
HPRegen 0.52/turn                A - +6 ring of strength
MPRegen 0.25/turn                B - +6 ring of strength

@: mighty, protected from physical damage, studying 6 skills, silenced, repel
missiles
A: permanent stasis, dig shafts and tunnels, antennae 3, four strong arms, heat
vulnerability 1
a: Dig, Renounce Religion


You were in the Dungeon.
You worshipped Qazlal.
Qazlal was exalted by your worship.
You visited 1 branch

Inventory:

Hand Weapons
 a - the +17 lance "Wyrmbane" (weapon) {slay drac, rPois rF+ rC+ AC+3}
   (You found it in the Dungeon)

   AC:        It affects your AC (+3).
   rF:        It protects you from fire.
   rC:        It protects you from cold.
   rPois:     It protects you from poison.
Missiles
 H - a throwing net
 L - 5 silver javelins
Armour
 b - the +15 Maxwell's patent armour (worn) {-Cast -Tele rElec Will+ rCorr}
   (You found it in the Dungeon)

   rElec:     It insulates you from electricity.
   -Cast:     It prevents spellcasting.
   -Tele:     It prevents most forms of teleportation.
   rCorr:     It protects you from acid and corrosion.
   Will:      It increases your willpower.
 c - the +18 shield of the Gong (worn) {Loud rElec rN+ Will+ EV-5}
   (You found it in the Dungeon)

   Loud:      It is deafeningly noisy when blocking attacks.
   EV:        It affects your evasion (-5).
   rElec:     It insulates you from electricity.
   rN:        It protects you from negative energy.
   Will:      It increases your willpower.
 Q - a +0 cloak of preservation (worn)
 S - the +3 pair of mountain boots (worn) {steadfast, rC+}
   (You found it in the Dungeon)

   Steadfast: It prevents involuntary movement, except for blinking,
   teleportation, or banishment.
   rC:        It protects you from cold.
Jewellery
 n - the ring of Xubuk {rN+ rCorr Int+3 Stlth-}
   (You found it in the Dungeon)

   [ring of positive energy]

   Int:       It affects your intelligence (+3).
   rN:        It protects you from negative energy.
   rCorr:     It protects you from acid and corrosion.
   Stlth:     It makes you less stealthy.
 x - the ring of Grontol {rPois rC++ Int+2}
   (You found it in the Dungeon)

   [ring of poison resistance]

   Int:       It affects your intelligence (+2).
   rC:        It greatly protects you from cold.
   rPois:     It protects you from poison.
 A - a +6 ring of strength (left hand)
 B - a +6 ring of strength (right hand)
 G - the ring "Wirphufeth" {rPois rF+ rCorr MP+9 Dex+3}
   (You took it off a merfolk in the Dungeon)

   [ring of magical power]

   Dex:       It affects your dexterity (+3).
   rF:        It protects you from fire.
   rPois:     It protects you from poison.
   MP:        It affects your magic capacity (+9).
   rCorr:     It protects you from acid and corrosion.
 K - the macabre finger necklace {Finger+ rN+}
   (You took it off a vampire in the Dungeon)

   [amulet of nothing]

   Finger+:   It enables you to equip an extra ring.
   rN:        It protects you from negative energy.
 M - an amulet of reflection (around neck)
Wands
 s - a wand of mindburst (7)
 t - a wand of iceblast (7)
 u - a wand of acid (6)
Scrolls
 j - 4 scrolls of blinking
 o - 4 scrolls of amnesia
 p - 8 scrolls of fog
 q - 5 scrolls of identify
 r - 2 scrolls of fear
 y - 8 scrolls of enchant weapon
 z - 5 scrolls of brand weapon
 D - 12 scrolls of enchant armour
Potions
 d - 4 potions of might
 e - 7 potions of curing
 g - 31 potions of haste
 h - 2 potions of magic
 i - 3 potions of berserk rage
 k - 2 potions of brilliance
 l - 2 potions of invisibility
 m - 4 potions of resistance
Miscellaneous
 w - a box of beasts
 C - a lightning rod (2/4)
 E - a condenser vane
 I - a phantom mirror
 J - a tin of tremorstones (2/2)
 P - a box of beasts


   Skills:
 O Level 27 Fighting
 + Level 4.0(4.5) Short Blades
 + Level 2.7(3.8) Long Blades
 + Level 4.0(18.5) Axes
 + Level 2.7(4.7) Maces & Flails
 O Level 27 Polearms
 + Level 4.1(18.5) Staves
 + Level 2.7 Ranged Weapons
 + Level 2.7 Throwing
 O Level 27 Armour
 O Level 27 Dodging
 - Level 5.3 Stealth
 O Level 27 Shields
 + Level 2.7 Unarmed Combat
 + Level 2.7 Spellcasting
 + Level 2.4 Conjurations
 + Level 3.3 Hexes
 + Level 2.7 Summonings
 + Level 4.0 Necromancy
 + Level 2.4 Translocations
 + Level 3.1 Transmutations
 + Level 2.8 Fire Magic
 + Level 2.7 Ice Magic
 + Level 2.2 Air Magic
 + Level 5.0 Earth Magic
 + Level 3.7 Poison Magic
 O Level 27 Invocations
 O Level 27 Evocations


You had 18 spell levels left.
You knew the following spells:

 Your Spells              Type           Power      Damage    Failure   Level
a - Statue Form           Tmut/Erth      5%         N/A       100%        6

Your spell library contained the following spells:

 Spells                   Type           Power      Damage    Failure   Level
 Sandblast                Erth           20%        2d7       9%          1
 Necrotise                Necr           32%        1d5       12%         1
 Sting                    Tmut/Pois      28%        1d4       16%         1
 Kiss of Death            Conj/Necr      28%        2d7       17%         1
 Passwall                 Tmut/Erth      6%         N/A       19%         2
 Sublimation of Blood     Necr           8%         N/A       19%         2
 Freeze                   Ice            24%        1d4       22%         1
 Apportation              Tloc           10%        N/A       24%         1
 Magic Dart               Conj           20%        1d4       24%         1
 Cigotuvi's Dreadful Rot  Necr/Pois/Air  14%        N/A       26%         2
 Ensorcelled Hibernation  Hex/Ice        12%        N/A       28%         2
 Poisonous Vapours        Pois/Air       12%        N/A       30%         2
 Call Imp                 Summ           6%         N/A       32%         2
 Static Discharge         Conj/Air       10%        2-3/arc   36%         2
 Vampiric Draining        Necr           8%         2d6       36%         3
 Spider Form              Tmut/Pois      7%         N/A       43%         3
 Confusing Touch          Hex            7%         N/A       45%         3
 Tukima's Dance           Hex            7%         N/A       45%         3
 Ignite Poison            Fire/Tmut/Pois 7%         N/A       47%         3
 Inner Flame              Hex/Fire       6%         N/A       50%         3
 Summon Guardian Golem    Hex/Summ       6%         N/A       50%         3
 Dazzling Flash           Conj/Hex       12%        N/A       52%         3
 Portal Projectile        Hex/Tloc       12%        N/A       52%         3
 Call Canine Familiar     Summ           6%         N/A       54%         3
 Frozen Ramparts          Ice            12%        1d2       54%         3
 Mephitic Cloud           Conj/Pois/Air  6%         N/A       54%         3
 Ozocubu's Armour         Ice            6%         N/A       54%         3
 Hailstorm                Conj/Ice       5%         3d4       56%         3
 Gell's Gravitas          Tloc           5%         N/A       58%         3
 Teleport Other           Tloc           5%         N/A       58%         3
 Vhi's Electric Charge    Tloc/Air       10%        N/A       58%         3
 Leda's Liquefaction      Hex/Erth       4%         N/A       75%         4
 Dispel Undead            Necr           8%         3d8       77%         4
 Petrify                  Tmut/Erth      8%         N/A       77%         4
 Anguish                  Hex/Necr       3%         N/A       82%         4
 Olgreb's Toxic Radiance  Pois           7%         N/A       82%         4
 Cause Fear               Hex            3%         N/A       86%         4
 Fulminant Prism          Conj/Hex       3%         3d5       89%         4
 Ice Form                 Ice/Tmut       6%         N/A       89%         4
 Summon Lightning Spire   Summ/Air       5%         N/A       93%         4
 Iskenderun's Mystic Bla  Conj/Tloc      5%         2d3       94%         4
 Manifold Assault         Tloc           5%         N/A       94%         4
 Passage of Golubria      Tloc           5%         N/A       94%         4
 Airstrike                Air            2%         2d(1-17)  95%         4
 Agony                    Necr           8%         N/A       98%         5
 Alistair's Intoxication  Tmut/Pois      4%         N/A       99%         5
 Blade Hands              Tmut           3%         N/A       99%         5
 Irradiate                Conj/Tmut      3%         3d12      99%         5
 Metabolic Englaciation   Hex/Ice        3%         N/A       99%         5
 Silence                  Hex/Air        3%         N/A       99%         5
 Summon Forest            Summ/Tloc      2%         N/A       99%         5
 Summon Mana Viper        Hex/Summ       6%         N/A       99%         5
 Arcjolt                  Conj/Air       2%         1d12      100%        5
 Freezing Cloud           Conj/Ice/Air   2%         6-21      100%        5
 Iskenderun's Battlesphe  Conj           5%         2d6       100%        5
 Lightning Bolt           Conj/Air       2%         1d14      100%        5
 Conjure Ball Lightning   Conj/Air       2%         3x3d6     100%        6
 Death Channel            Necr           4%         N/A       100%        6
 Dispersal                Tloc           2%         N/A       100%        6
 Eringya's Noxious Bog    Tmut/Pois      3%         N/A       100%        6
 Simulacrum               Ice/Necr       3%         N/A       100%        6
 Starburst                Conj/Fire      2%         6d3       100%        6
 Summon Cactus Giant      Summ           3%         N/A       100%        6
 Dragon Form              Tmut           3%         N/A       100%        7
 Enfeeble                 Hex            3%         N/A       100%        7
 Malign Gateway           Summ/Tloc      2%         N/A       100%        7
 Ozocubu's Refrigeration  Ice            3%         4d8       100%        7
 Storm Form               Tmut/Air       3%         N/A       100%        7
 Summon Hydra             Summ           3%         N/A       100%        7
 Borgnjor's Revivificati  Necr           4%         N/A       100%        8
 Discord                  Hex            3%         N/A       100%        8
 Disjunction              Tloc           2%         N/A       100%        8
 Ignition                 Fire           3%         3d4       100%        8
 Lehudib's Crystal Spear  Conj/Erth      4%         10d3      100%        8
 Maxwell's Capacitive Co  Air            2%         ∞         100%        8
 Necromutation            Tmut/Necr      3%         N/A       100%        8
 Summon Horrible Things   Summ           3%         N/A       100%        8
 Death's Door             Necr           4%         N/A       100%        9
 Polar Vortex             Ice            3%         N/A       100%        9
 Blink                    Tloc           Unusable   N/A       N/A         2
 Swiftness                Air            Unusable   N/A       N/A         3

Dungeon Overview and Level Annotations

Branches:
Dungeon (1/1)

Altars:
Ashenzari
Cheibriados
Dithmenos
Elyvilon
Fedhas
Gozag
Hepliaklqana
Kikubaaqudgha
Makhleb
Nemelex Xobeh
Okawaru
Qazlal
Ru
Sif Muna
Trog
Uskayaw
Vehumet
Wu Jian
Xom
Yredelemnul
Zin
The Shining One
Jiyva
Lugonu

Annotations:
D Dispater, Ereshkigal


Innate Abilities, Weirdness & Mutations

You cannot be hasted, slowed, berserked, paralysed or teleported.
You can dig through walls and to a lower floor.
You have a pair of large antennae on your head. (SInv)
Your four strong arms can wield two-handed weapons with a shield.
You are vulnerable to heat. (rF-)


Message History

You hit Dispater but do no damage.
Dispater is heavily wounded.
Ereshkigal gestures.
Ereshkigal's surroundings become eerily quiet.
You block the Hell Sentinel's attack. x2; The Tzitzimitl misses you.
You block the Tzitzimitl's attack. The Hell Sentinel closely misses you.
You block the Hell Sentinel's attack.
Unknown command.
You hit Dispater.
Dispater is heavily wounded.
Unknown command.
You hit Dispater.
Dispater is heavily wounded.
Your protection from physical attacks is fading.
You block the Hell Sentinel's attack. x4
The Tzitzimitl calls on the powers of darkness!
Your body is wracked with pain!
* * * LOW HITPOINT WARNING * * *
Unknown command.
You impale Dispater!!
Dispater is heavily wounded.
You block Ereshkigal's attack. You block Dispater's attack.
Unknown command.
You hit Dispater but do no damage.
Dispater is heavily wounded.
You block the Hell Sentinel's attack. x2
The Hell Sentinel hits you but does no damage.
The Hell Sentinel hits you!
* * * LOW HITPOINT WARNING * * *
The Tzitzimitl engulfs you but does no damage.
The Tzitzimitl closely misses you. You block Ereshkigal's attack.
Unknown command.
You stick Dispater like a pincushion!!!
Dispater is severely wounded.
You block Dispater's attack.
Unknown command.
You hit Dispater but do no damage.
Dispater is severely wounded.
Ereshkigal hits you!
You die...

})....▓ {{ { {
...=..▓
.=☼§§§○§§§°§§§§
...)..▓
)≈§§§.§§§§§§.§.
......▓
..§§§°§§§.§§...
......▓
...§§☼§§§..≈...
......▓
....)§≈☼§§§....
......▓
.≈...§.)○§§....
......▓
.≈...§§&1○§....
......
.≈.≈.§1@&§.≈...
......
.≈...§☼.1§.....
......
≈....○.≈§§.≈...
.▓...
..▓.........▓..
▓▓ ≈
.▓.▓...≈...▓.▓.
.▓..
≈.▓.........▓..
.....
..............≈
.....
.....≈...≈..≈..
......
.......©.......


You could see Dispater (unsilenced), Ereshkigal (silencing, unsilenced), 2 Hell
Sentinels and a Tzitzimitl (summoned, unsilenced).

Vanquished Creatures
  the Royal Jelly (D)
  Ignacio (D)
  the Serpent of Hell (D)
  Dissolution (D)
  Mnoleg (D)
  An ancient lich (D)
  3 orbs of fire (D)
  Khufu (D)
  Mennas (D)
  Boris (D)
  Sojobo (D)
  Margery (D)
  6 caustic shrikes (D)
  Xtahua (D)
  11 Hell Sentinels (D)
  5 iron giants (D)
  2 quicksilver dragons (D)
  3 ancient champions (D)
  4 krakens (D)
  Agnes (D)
  4 tentacled starspawn (D)
  5 acid blobs (D)
  Chuck (D)
  A shadow dragon (D)
  Kirke (D)
  A rockslime (D)
  Donald (D)
  4 azure jellies (D)
  6 nagarajas (D)
  2 iron dragons (D)
  5 fire giants (D)
  A vault warden (D)
  7 quicksilver elementals (D)
  A draconian shifter (D)
  A balrug (D)
  A very ugly thing (D)
  5 spriggan defenders (D)
  A war gargoyle (D)
  4 quicksilver oozes (D)
  3 vampire knights (D)
  A black draconian (D)
  Azrael (D)
  2 yellow draconians (D)
  2 red draconians (D)
  2 purple draconians (D)
  5 white draconians (D)
  6 merfolk impalers (D)
  Josephine (D)
  5 merfolk javelineers (D)
  12 iron golems (D)
  4 fire dragons (D)
  3 hydras (D)
  Erolcha (D)
  4 ice dragons (D)
  A spriggan air mage (D)
  2 merfolk aquamancers (D)
  A centaur warrior (D)
  6 anacondas (D)
  An alligator snapping turtle (D)
  2 dancing weapons (D)
  A satyr (D)
  6 naga warriors (D)
  5 hell hogs (D)
  5 vampire magi (D)
  6 spriggan berserkers (D)
  2 crystal echidnas (D)
  2 wretched stars (D)
  A pharaoh ant (D)
  3 death drakes (D)
  3 skeletal warriors (D)
  An orb spider (D)
  5 sea snakes (D)
  A swamp dragon (D)
  A wizard (D)
  An ironbound convoker (D)
  A lindwurm (D)
  7 necromancers (D)
  A manticore (D)
  2 deep elf pyromancers (D)
  A shining eye (D)
  A cyclops (D)
  4 wolf spiders (D)
  6 large abominations (D)
  An elephant (D)
  Joseph (D)
  A merfolk siren (D)
  6 guardian serpents (D)
  2 torpor snails (D)
  6 naga magi (D)
  7 black mambas (D)
  3 smoke demons (D)
  3 cane toads (D)
  A hellion (D)
  2 rime drakes (D)
  7 efreet (D)
  Psyche (D)
  A freezing wraith (D)
  3 komodo dragons (D)
  2 tormentors (D)
  4 merfolk (D)
  Prince Ribbit (D)
  A tarantella (D)
  A wind drake (D)
  A hornet (D)
  An ancient zyme (D)
  2 raiju (D)
  4 blink frogs (D)
  2 snapping turtles (D)
  A jumping spider (D)
  Sigmund (D)
  7 shadows (D)
  4 spriggans (D)
  3 vampires (D)
  A ynoxinul (D)
  Eustachio (D)
  2 water elementals (D)
  4 wyverns (D)
  3 yaks (D)
  3 basilisks (D)
  A steam dragon (D)
  2 fire elementals (D)
  A redback (D)
  A neqoxec (D)
  Menkaure (D)
  Edmund (D)
  2 acid dragons (D)
  3 nagas (D)
  6 hell hounds (D)
  17 water moccasins (D)
  A swamp drake (D)
  Pargi (D)
  6 black bears (D)
  A small abomination (D)
  7 wolves (D)
  4 centaurs (D)
  Blork the orc (D)
  A necrophage (D)
  4 wights (D)
  4 quasits (D)
  3 iron imps (D)
  2 orc priests (D)
  Crazy Yiuf (D)
  Ijyb (D)
  Terence (D)
  3 iguanas (D)
  7 adders (D)
  3 shadow imps (D)
  2 white imps (D)
  A jackal (D)
  7 ball pythons (D)
  2 ball python skeletons (D)
  A giant cockroach zombie (D)
  2 jackal skeletons (D)
  7 fire vortices (D)
  3 starspawn tentacles (D)
  14 tentacles (D)
449 creatures vanquished.

Vanquished Creatures (collateral kills)
  Tiamat (D)
  Frederick (D)
  A golden dragon (D)
  A rockslime (D)
  A shadow dragon (D)
  Ilsuiw (D)
  An iron dragon (D)
  A black draconian (D)
  A white draconian (D)
  A fire dragon (D)
  4 merfolk javelineers (D)
  A merfolk impaler (D)
  An ice dragon (D)
  A merfolk aquamancer (D)
  An anaconda (D)
  A harpy (D)
  A black mamba (D)
  A merfolk (D)
  2 snapping turtles (D)
  A water elemental (D)
  A naga (D)
25 creatures vanquished.

Vanquished Creatures (others)
  A merfolk aquamancer (D)
  A black mamba (D)
  8 starspawn tentacles (D)
  39 tentacles (D)
49 creatures vanquished.

Grand Total: 523 creatures vanquished

Notes
Turn   | Place    | Note
-------+----------+-------------------------------------------
     0 | D        | mhtbhm the Formicid Fighter began the quest for the Orb.
     0 | D        | Reached XP level 1. HP: 18/18 MP: 1/1
     0 | D        | Found a shimmering blue altar of Sif Muna.
     0 | D        | Found a bloodstained altar of Trog.
     0 | D        | Found a sacrificial altar of Ru.
     0 | D        | Found a stormy altar of Qazlal.
     0 | D        | Found an iron altar of Okawaru.
     2 | D        | Found a blossoming altar of Fedhas.
     2 | D        | Found the +6 Majin-Bo {spellvamp, MP+6 Int+6}
     2 | D        | Found the +27 heavy crossbow "Sniper" {heavy, Acc+∞ SInv}
     2 | D        | Found the +10 dark maul {heavy}
     2 | D        | Found the +15 Maxwell's patent armour {-Cast -Tele rElec
                  | Will+ rCorr}
     2 | D        | Found the +18 shield of the Gong {Loud rElec rN+ Will+
                  | EV-5}
     2 | D        | Found the +16 obsidian axe {drain, demonic, Mesm Drain Fly
                  | SInv}
     2 | D        | Found the +7 great mace "Firestarter" {flame, inner flame,
                  | rFlCloud rF++}
     2 | D        | Found the +6 shillelagh "Devastator" {shatter}
     2 | D        | Found the +11 plutonium sword {Contam Stlth-}
     2 | D        | Found the +8 lance "Wyrmbane" {slay drac, rPois rF+ rC+
                  | AC+3}
     2 | D        | Found the +9 sword of Zonguldrok {reap}
     2 | D        | Found the +13 scythe of Curses {drain, curses, Drain}
     2 | D        | Found the +9 sword of Power {lifebolt}
     2 | D        | Found the +7 mace of Variability {chaos, chain chaos}
     2 | D        | Found the +11 Singing Sword {sonic wave}
     2 | D        | Found the +8 storm bow {elec, penet}
     3 | D        | Found a sparkling altar of Nemelex Xobeh.
     5 | D        | Found a transporter.
     5 | D        | Found an ancient bone altar of Kikubaaqudgha.
     5 | D        | Found a viscous altar of Jiyva.
     5 | D        | Found a corrupted altar of Lugonu.
     5 | D        | Found a hazy altar of Hepliaklqana.
     5 | D        | Found a burning altar of Makhleb.
     5 | D        | Found an opulent altar of Gozag.
    91 | D        | Became a worshipper of Qazlal Stormbringer
   114 | D        | Entered arena 2.
   114 | D        | Noticed an orc priest
   114 | D        | Noticed an orc priest
   114 | D        | Found a transporter.
   118 | D        | Killed an orc priest
   119 | D        | Reached skill level 5 in Shields
   119 | D        | Reached XP level 2. HP: 26/26 MP: 2/2
   119 | D        | Reached XP level 3. HP: 32/32 MP: 3/3
   120 | D        | Reached skill level 5 in Fighting
   120 | D        | Reached skill level 5 in Armour
   120 | D        | Reached XP level 4. HP: 39/39 MP: 4/4
   222 | D        | Entered arena 3.
   222 | D        | Noticed a wolf
   222 | D        | Noticed a black bear
   222 | D        | Noticed a wolf
   222 | D        | Found a transporter.
   225 | D        | Killed a wolf
   225 | D        | Reached * piety under Qazlal
   225 | D        | Killed a wolf
   226 | D        | Reached skill level 1 in Evocations
   226 | D        | Reached XP level 5. HP: 48/48 MP: 5/5
   226 | D        | Reached XP level 6. HP: 55/55 MP: 6/6
   227 | D        | Killed a black bear
   228 | D        | Reached skill level 10 in Shields
   342 | D        | Entered arena 4.
   342 | D        | Noticed a deep elf pyromancer
   342 | D        | Noticed a +0 trident of flaming
   342 | D        | Noticed a +0 glaive of protection
   342 | D        | Noticed a deep elf pyromancer
   342 | D        | Found a transporter.
   349 | D        | Killed a deep elf pyromancer
   349 | D        | Reached ** piety under Qazlal
   350 | D        | Reached skill level 5 in Polearms
   350 | D        | Reached skill level 10 in Armour
   350 | D        | Reached XP level 7. HP: 33/65 MP: 7/7
   350 | D        | Reached XP level 8. HP: 37/72 MP: 8/8
   354 | D        | Killed a deep elf pyromancer
   355 | D        | Reached skill level 10 in Fighting
   357 | D        | Killed a +0 trident of flaming
   358 | D        | Reached skill level 1 in Stealth
   358 | D        | Reached skill level 5 in Invocations
   358 | D        | Reached XP level 9. HP: 64/81 MP: 8/13
   364 | D        | Killed a +0 glaive of protection
   365 | D        | Reached skill level 5 in Evocations
   438 | D        | Entered arena 5.
   438 | D        | Found a transporter.
   445 | D        | Reached *** piety under Qazlal
   458 | D        | Entered arena 6.
   458 | D        | Noticed an ironbound convoker
   458 | D        | Noticed a vault warden
   458 | D        | Noticed a centaur warrior
   458 | D        | Noticed a wizard
   458 | D        | Noticed a lindwurm
   458 | D        | Found a transporter.
   477 | D        | Killed a lindwurm
   477 | D        | Reached **** piety under Qazlal
   478 | D        | Reached skill level 15 in Shields
   478 | D        | Reached XP level 10. HP: 45/89 MP: 15/15
   481 | D        | Killed a vault warden
   486 | D        | Killed a wizard
   486 | D        | Killed an ironbound convoker
   486 | D        | Reached ***** piety under Qazlal
   493 | D        | Killed a centaur warrior
   494 | D        | Reached skill level 10 in Invocations
   830 | D        | Entered arena 7.
   831 | D        | Found a transporter.
   839 | D        | Reached XP level 11. HP: 94/96 MP: 18/18
   849 | D        | Reached skill level 10 in Polearms
   874 | D        | Entered arena 8.
   874 | D        | Noticed a tentacled starspawn
   874 | D        | Noticed a vampire mage
   875 | D        | Found a transporter.
   878 | D        | Noticed a shadow wraith
   879 | D        | Killed a vampire mage
   881 | D        | Reached ****** piety under Qazlal
   889 | D        | Killed a tentacled starspawn
   996 | D        | Entered arena 9.
   997 | D        | Found a transporter.
  1026 | D        | Got the ring of Sunlight {AC+4 Int+2}
  1039 | D        | Entered arena 10.
  1040 | D        | Found a transporter.
  1084 | D        | Entered arena 11.
  1084 | D        | Noticed a cyclops
  1085 | D        | Found a transporter.
  1094 | D        | Killed a cyclops
  1096 | D        | Reached XP level 12. HP: 93/105 MP: 21/21
  1137 | D        | Got the +0 pair of boots of Edugammi {rN+ Stlth+}
  1175 | D        | Entered arena 12.
  1175 | D        | Noticed an alligator snapping turtle
  1175 | D        | Noticed a merfolk impaler
  1175 | D        | Noticed a merfolk javelineer
  1175 | D        | Noticed a sea snake
  1175 | D        | Noticed a sea snake
  1176 | D        | Noticed a merfolk javelineer
  1176 | D        | Noticed a merfolk javelineer
  1176 | D        | Noticed a merfolk impaler
  1176 | D        | Noticed a merfolk javelineer
  1176 | D        | Found a transporter.
  1177 | D        | Killed a sea snake
  1177 | D        | Killed a merfolk impaler
  1178 | D        | Killed a merfolk javelineer
  1178 | D        | Killed a merfolk impaler
  1178 | D        | Killed a merfolk javelineer
  1181 | D        | Killed a sea snake
  1184 | D        | Killed a merfolk javelineer
  1188 | D        | Killed a merfolk javelineer
  1189 | D        | Reached skill level 1 in Dodging
  1194 | D        | Killed an alligator snapping turtle
  1207 | D        | Got Gukkeyk's Tractate on Hexes and Frost
  1308 | D        | Upgraded the game from 0.30-a0-722-g3e6e8c874d to
                  | 0.30-a0-723-gc1506a1cf0
  1326 | D        | Entered arena 13.
  1326 | D        | Found the +3 warlock's mirror {omnireflect}
  1327 | D        | Noticed a pharaoh ant
  1332 | D        | Reached skill level 15 in Invocations
  1339 | D        | Killed a pharaoh ant
  1340 | D        | Reached XP level 13. HP: 83/113 MP: 24/24
  1358 | D        | Found the +3 giant club "Skullcrusher" {speed, Str+7}
  1359 | D        | Found a transporter.
  1366 | D        | Got the ring of Accord {Wiz rN+ Dex+3}
  1377 | D        | Got the ring of Xytanah {rPois rC- Str+4 SInv Stlth+}
  1498 | D        | Entered arena 14.
  1505 | D        | Reached skill level 5 in Stealth
  1514 | D        | Found a transporter.
  1594 | D        | Entered arena 15.
  1595 | D        | Noticed an anaconda
  1596 | D        | Found a transporter.
  1605 | D        | Killed an anaconda
  1606 | D        | Reached skill level 15 in Fighting
  1624 | D        | Got Siud's Quarto of Entrancing Illusion
  1638 | D        | Entered arena 16.
  1639 | D        | Noticed a vampire knight
  1641 | D        | Found a transporter.
  1643 | D        | Reached skill level 15 in Armour
  1643 | D        | Noticed a jiangshi
  1663 | D        | Killed a vampire knight
  1670 | D        | Got the Octavo of Generative Lava
  1674 | D        | Got the Quarto of Indurated Ensorcelling
  1678 | D        | Got Zivodwigh's Omnibus of the Hurtful Burn
  1684 | D        | Got Xafewk's Discursus on the Shifting Gestalt
  1704 | D        | Learned a level 6 spell: Statue Form
  1711 | D        | Entered arena 17.
  1713 | D        | Noticed a white draconian
  1713 | D        | Noticed a white draconian
  1713 | D        | Noticed a white draconian
  1713 | D        | Noticed a purple draconian shifter
  1713 | D        | Noticed a white draconian
  1713 | D        | Noticed a yellow draconian
  1714 | D        | Noticed a red draconian
  1714 | D        | Noticed a purple draconian
  1714 | D        | Noticed a white draconian
  1714 | D        | Identified the +6 hand axe "Nyadu" {freeze, rF+ Int+2}
  1714 | D        | Noticed a red draconian
  1714 | D        | Noticed a yellow draconian
  1714 | D        | Noticed a purple draconian
  1714 | D        | Noticed a black draconian
  1714 | D        | Noticed a white draconian
  1714 | D        | Noticed a black draconian
  1723 | D        | Killed a white draconian
  1731 | D        | Killed a purple draconian
  1731 | D        | Killed a white draconian
  1732 | D        | Reached skill level 10 in Evocations
  1733 | D        | Killed a purple draconian
  1734 | D        | Reached XP level 14. HP: 73/126 MP: 26/26
  1735 | D        | Killed a red draconian
  1737 | D        | Killed a yellow draconian
  1737 | D        | Killed a white draconian
  1737 | D        | Killed a black draconian
  1742 | D        | Killed a black draconian
  1743 | D        | Reached skill level 27 in Shields
  1745 | D        | Killed a red draconian
  1746 | D        | Killed a yellow draconian
  1751 | D        | Killed a white draconian
  1755 | D        | Killed a white draconian
  1756 | D        | Killed a white draconian
  1757 | D        | Found a transporter.
  1762 | D        | Killed a purple draconian shifter
  1810 | D        | Got Sif Muna's Handbook of Superiority
  1975 | D        | Entered arena 18.
  1977 | D        | Noticed a green very ugly thing
  1978 | D        | Noticed a tentacled starspawn
  1978 | D        | Noticed a tentacled starspawn
  1978 | D        | Noticed a tentacled starspawn
  1980 | D        | Upgraded the game from 0.30-a0-723-gc1506a1cf0 to
                  | 0.30-a0-726-gd89dcf765f
  1981 | D        | Gained mutation: You are vulnerable to heat. (rF-) [a
                  | shining eye]
  1985 | D        | Killed a green very ugly thing
  1987 | D        | Killed a tentacled starspawn
  1990 | D        | Found a transporter.
  1998 | D        | Killed a tentacled starspawn
  2004 | D        | Killed a tentacled starspawn
  2047 | D        | Got the ring of Wodghuj {rF- MP+9 Dex+4}
  2091 | D        | Entered arena 19.
  2093 | D        | Noticed a nagaraja
  2102 | D        | Reached skill level 15 in Polearms
  2107 | D        | Killed a nagaraja
  2113 | D        | Reached XP level 15. HP: 141/144 MP: 29/29
  2116 | D        | Found a transporter.
  2125 | D        | Got the Handbook of Combat Magic
  2228 | D        | Reached XP level 16. HP: 152/152 MP: 30/30
  2233 | D        | Entered arena 20.
  2241 | D        | Reached skill level 5 in Dodging
  2245 | D        | Found a transporter.
  2266 | D        | Got Luali's Omnibus of Ceraunoscopy
  2318 | D        | Entered arena 21.
  2321 | D        | Noticed an iron dragon
  2321 | D        | Noticed an iron dragon
  2321 | D        | Noticed a shadow dragon
  2322 | D        | Noticed a quicksilver dragon
  2322 | D        | Noticed a quicksilver dragon
  2322 | D        | Found the +8 Vampire's Tooth {megavamp}
  2322 | D        | Noticed an iron dragon
  2322 | D        | Noticed a shadow dragon
  2322 | D        | Noticed a golden dragon
  2331 | D        | Killed a quicksilver dragon
  2336 | D        | Killed a quicksilver dragon
  2353 | D        | Killed an iron dragon
  2356 | D        | Killed an iron dragon
  2361 | D        | Killed an iron dragon
  2364 | D        | Killed a shadow dragon
  2365 | D        | Found a transporter.
  2365 | D        | Killed a shadow dragon
  2367 | D        | Killed a golden dragon
  2406 | D        | Got the ring of Xubuk {rN+ rCorr Int+3 Stlth-}
  2532 | D        | Entered arena 22.
  2591 | D        | Noticed a nagaraja
  2591 | D        | Noticed a nagaraja
  2591 | D        | Found the +3 pair of mountain boots {steadfast, rC+}
  2592 | D        | Noticed a nagaraja
  2592 | D        | Noticed a nagaraja
  2592 | D        | Noticed a nagaraja
  2606 | D        | Killed a nagaraja
  2611 | D        | Killed a nagaraja
  2611 | D        | Killed a nagaraja
  2612 | D        | Reached XP level 17. HP: 133/168 MP: 33/33
  2625 | D        | Found a transporter.
  2635 | D        | Got the Lectures on Metamorphosis and Impurities
  2664 | D        | Got the ring of Pepuosio {rC+ rN+ Int+6}
  2828 | D        | Entered arena 23.
  2833 | D        | Identified the +0 scale mail of the Kissing Gods {Will-
                  | rCorr Str+3 Dex+5}
  2833 | D        | Identified the +9 whip of Lust {spect, Dex+5}
  2833 | D        | Identified the ring "Wirphufeth" {rPois rF+ rCorr MP+9
                  | Dex+3}
  2834 | D        | Noticed a kraken
  2834 | D        | Identified the +3 spear of Invincibility {holy, *Corrode
                  | *Slow Fly Str+5}
  2834 | D        | Identified the +10 battleaxe "Piwug" {heavy, Contam rPois
                  | Dex+3 Stlth+}
  2847 | D        | Killed a kraken
  2848 | D        | Reached skill level 27 in Invocations
  2954 | D        | Noticed a kraken
  2954 | D        | Noticed a kraken
  2954 | D        | Noticed a kraken
  2956 | D        | Found a transporter.
  3202 | D        | Killed a kraken
  3203 | D        | Reached skill level 27 in Fighting
  3205 | D        | Killed a kraken
  3206 | D        | Killed a kraken
  3300 | D        | Entered arena 24.
  3308 | D        | Noticed an orb of fire
  3308 | D        | Identified the amulet "Antol" {Spirit Rampage +Inv Str-4}
  3308 | D        | Noticed an orb of fire
  3310 | D        | Noticed an orb of fire
  3311 | D        | Killed an orb of fire
  3312 | D        | Killed an orb of fire
  3312 | D        | Identified the +6 long sword of Strategic Superiority
                  | {antimagic, rN+++}
  3313 | D        | Reached skill level 10 in Dodging
  3313 | D        | Reached XP level 18. HP: 61/182 MP: 18/35
  3314 | D        | Killed an orb of fire
  3394 | D        | Found a transporter.
  3608 | D        | Entered arena 25.
  3637 | D        | Reached skill level 15 in Evocations
  3654 | D        | Found a transporter.
  3666 | D        | Got the ring of Grontol {rPois rC++ Int+2}
  3679 | D        | Got the ring "Zeukef" {Wiz Int+2}
  3747 | D        | Entered arena 26.
  3754 | D        | Noticed a caustic shrike
  3754 | D        | Noticed a caustic shrike
  3755 | D        | Noticed a Hell Sentinel
  3755 | D        | Noticed a Hell Sentinel
  3755 | D        | Noticed an iron giant
  3755 | D        | Noticed a Hell Sentinel
  3755 | D        | Noticed an iron giant
  3755 | D        | Noticed a Hell Sentinel
  3755 | D        | Noticed a caustic shrike
  3755 | D        | Noticed a caustic shrike
  3756 | D        | Killed a caustic shrike
  3756 | D        | Killed a caustic shrike
  3756 | D        | Killed a caustic shrike
  3756 | D        | Killed an ancient champion
  3756 | D        | Noticed an iron giant
  3757 | D        | Reached skill level 27 in Armour
  3757 | D        | Noticed a caustic shrike
  3757 | D        | Noticed a Hell Sentinel
  3758 | D        | Killed an ancient champion
  3758 | D        | Killed a caustic shrike
  3758 | D        | Killed a Hell Sentinel
  3758 | D        | Noticed an ancient lich
  3759 | D        | Killed a Hell Sentinel
  3759 | D        | Killed an iron giant
  3759 | D        | Killed an iron giant
  3759 | D        | Killed an iron giant
  3759 | D        | Killed an ancient lich
  3759 | D        | Killed a Hell Sentinel
  3759 | D        | Killed a caustic shrike
  3760 | D        | Reached skill level 27 in Polearms
  3760 | D        | Reached skill level 15 in Dodging
  3760 | D        | Reached XP level 19. HP: 107/189 MP: 12/36
  3760 | D        | Killed a Hell Sentinel
  3760 | D        | Killed a Hell Sentinel
  3761 | D        | Noticed a Hell Sentinel
  3761 | D        | Noticed a Hell Sentinel
  3761 | D        | Noticed a caustic shrike
  3762 | D        | Killed a caustic shrike
  3762 | D        | Killed a Hell Sentinel
  3763 | D        | Killed a Hell Sentinel
  3763 | D        | Noticed an iron giant
  3771 | D        | Noticed an iron giant
  3776 | D        | Killed an iron giant
  3776 | D        | Killed a Hell Sentinel
  3778 | D        | Killed an iron giant
  3779 | D        | Noticed a Hell Sentinel
  3786 | D        | Noticed a Hell Sentinel
  3789 | D        | Killed a Hell Sentinel
  3790 | D        | Killed a Hell Sentinel
  3793 | D        | Killed a Hell Sentinel
  4048 | D        | Found the +2 ratskin cloak {*Rats rPois rN+ Str-1 Int-1
                  | Dex+1}
  4049 | D        | Found a transporter.
  4117 | D        | Got the amulet "Femotah" {Spirit rElec}
  4137 | D        | Entered arena 27.
  4144 | D        | Found the +4 staff of Dispater
  4144 | D        | Noticed Dispater
  4144 | D        | Identified the +6 whip of Darkness {freeze, *Slow rC+++
                  | Int+4}
  4144 | D        | Noticed Ijyb
  4144 | D        | Noticed the Serpent of Hell
  4145 | D        | Noticed Ignacio
  4145 | D        | Noticed the Royal Jelly
  4145 | D        | Noticed Menkaure
  4145 | D        | Noticed Sigmund
  4145 | D        | Identified the +10 kite shield of Meager Miracles {Drain
                  | rElec rPois rN+}
  4145 | D        | Noticed Donald
  4145 | D        | Noticed Sojobo
  4145 | D        | Noticed Chuck
  4145 | D        | Noticed Xtahua
  4145 | D        | Noticed Prince Ribbit
  4146 | D        | Noticed Khufu
  4146 | D        | Noticed Margery
  4146 | D        | Noticed Mnoleg
  4147 | D        | Killed Prince Ribbit
  4147 | D        | Killed Menkaure
  4147 | D        | Killed Sigmund
  4147 | D        | Killed Crazy Yiuf
  4147 | D        | Killed Ijyb
  4147 | D        | Killed Donald
  4147 | D        | Killed Psyche
  4147 | D        | Killed Blork the orc
  4147 | D        | Killed Xtahua
  4147 | D        | Noticed Josephine
  4147 | D        | Killed Sojobo
  4147 | D        | Noticed Mennas
  4148 | D        | Killed the Royal Jelly
  4148 | D        | Killed the Serpent of Hell
  4148 | D        | Killed Ignacio
  4148 | D        | Killed Agnes
  4148 | D        | Killed Chuck
  4148 | D        | Found the +4 dragonskin cloak
  4148 | D        | Noticed Tiamat
  4148 | D        | Noticed Azrael
  4149 | D        | Reached skill level 27 in Evocations
  4149 | D        | Reached XP level 20. HP: 151/197 MP: 20/37
  4149 | D        | Noticed a Hell Sentinel
  4149 | D        | Killed Terence
  4149 | D        | Killed Eustachio
  4149 | D        | Killed Josephine
  4149 | D        | Killed Azrael
  4149 | D        | Killed Kirke
  4149 | D        | Killed Margery
  4149 | D        | Killed Pargi
  4150 | D        | Killed Khufu
  4150 | D        | Killed Mennas
  4150 | D        | Killed Edmund
  4150 | D        | Killed Mnoleg
  4150 | D        | Killed Erolcha
  4151 | D        | Reached skill level 27 in Dodging
  4153 | D        | Noticed Ereshkigal
  4153 | D        | Noticed Boris
  4154 | D        | Killed Joseph
  4154 | D        | Killed Boris
  4155 | D        | Reached skill level 1 in Long Blades
  4155 | D        | Reached skill level 1 in Maces & Flails
  4155 | D        | Reached skill level 1 in Ranged Weapons
  4155 | D        | Reached skill level 1 in Throwing
  4155 | D        | Reached skill level 1 in Unarmed Combat
  4155 | D        | Reached skill level 1 in Spellcasting
  4155 | D        | Reached skill level 1 in Conjurations
  4155 | D        | Reached skill level 1 in Hexes
  4155 | D        | Reached skill level 1 in Summonings
  4155 | D        | Reached skill level 1 in Translocations
  4155 | D        | Reached skill level 1 in Transmutations
  4155 | D        | Reached skill level 1 in Fire Magic
  4155 | D        | Reached skill level 1 in Ice Magic
  4155 | D        | Reached skill level 1 in Air Magic
  4155 | D        | Reached skill level 1 in Poison Magic
  4156 | D        | Noticed Dissolution
  4156 | D        | Noticed Ilsuiw
  4157 | D        | Noticed Frederick
  4159 | D        | Killed Dissolution
  4161 | D        | Killed Ilsuiw
  4163 | D        | Killed Tiamat
  4166 | D        | Noticed a Hell Sentinel
  4166 | D        | Killed Frederick
  4167 | D        | Reached skill level 5 in Earth Magic
  4167 | D        | Noticed a Hell Sentinel
  4171 | D        | Noticed a Tzitzimitl
  4177 | D        | HP: 9/197 [Hell Sentinel[Dispater] (11)]
  4179 | D        | Mangled by Ereshkigal

Illustrated notes

Levels and vault maps discovered:
D:        sprint_v [room_start, room_1, room_2, room_3, room_4, room_5, room_6,
          room_7, room_8, room_9, room_10, room_11, room_12, room_13, room_14,
          room_15, room_16, room_17, room_18, room_19, room_20, room_21,
          room_22, room_23, room_24, room_25, room_26, room_27]

Skill      XL: |  1  2  3  4  5  6  7  8  9 10 11 12 13 14 15 16 17 18 19 20 |
---------------+-------------------------------------------------------------+-----
Fighting       | 4 5 7 9 11 12 13 14 16 21 24 27 | 27.0
Armour         | 4 5 8 10 12 13 14 15 17 19 24 27 | 27.0
Shields        | 5 6 9 12 13 15 17 20 23 26 27 | 27.0
Polearms       | 3 5 6 7 9 11 12 13 15 17 22 27 | 27.0
Evocations     | 1 3 4 5 6 8 10 11 12 14 18 27 | 27.0
Invocations    | 5 7 10 12 15 17 20 25 27 | 27.0
Stealth        | 1 3 5 |  5.3
Dodging        | 1 2 4 6 10 15 23 27 | 27.0
Short Blades   | 4 |  4.0
Long Blades    | 2 |  2.7
Axes           | 4 |  4.0
Maces & Flails | 2 |  2.7
Staves         | 4 |  4.1
Ranged Weapons | 2 |  2.7
Throwing       | 2 |  2.7
Unarmed Combat | 2 |  2.7
Spellcasting   | 2 |  2.7
Conjurations   | 2 |  2.4
Hexes          | 3 |  3.3
Summonings     | 2 |  2.7
Necromancy     | 4 |  4.0
Translocations | 2 |  2.4
Transmutations | 3 |  3.1
Fire Magic     | 2 |  2.8
Ice Magic      | 2 |  2.7
Air Magic      | 2 |  2.2
Earth Magic    | 5 |  5.0
Poison Magic   | 3 |  3.7

Action                     |  1- 3 |  4- 6 |  7- 9 | 10-12 | 13-15 | 16-18 | 19-21 || total
---------------------------+-------+-------+-------+-------+-------+-------+-------++-------
  Melee: Lance             |     1 |     8 |    35 |   117 |   152 |   190 |    76 ||   579
 Invoke: Disaster Area     |       |       |       |     2 |     1 |    10 |    16 ||    29
         Elemental Force   |       |       |       |     1 |     2 |     3 |     2 ||     8
         Upheaval          |       |       |       |       |       |     1 |       ||     1
Ability: Dig               |       |       |       |       |       |     2 |       ||     2
  Evoke: Lightning rod     |     2 |     3 |     4 |    14 |     5 |       |     4 ||    32
         Wand              |       |       |       |     1 |       |       |       ||     1
         Phantom mirror    |       |       |       |     1 |       |       |     1 ||     2
         Condenser vane    |       |       |       |       |     5 |     9 |     5 ||    19
    Use: Potion            |     2 |       |     3 |       |     5 |     1 |    11 ||    22
   Stab: Paralysed         |       |       |       |     2 |     2 |     3 |       ||     7
         Distracted        |       |       |       |     1 |       |     1 |       ||     2
 Armour: Plate armour      |       |     8 |    27 |    40 |    48 |   165 |    35 ||   323
  Dodge: Dodged            |       |     1 |     3 |     5 |    11 |    63 |    27 ||   110
         Repelled          |       |       |       |       |     1 |     1 |     3 ||     5
  Block: Kite shield       |     2 |    17 |    88 |   177 |   163 |   497 |   211 ||  1155
         Reflection        |       |       |       |       |     4 |    15 |     4 ||    23

Table legend: (Time is in decaauts)
 A = Elapsed time spent in this place.
 B = Non-inter-level travel time spent in this place.
 C = Inter-level travel time spent in this place.
 D = Time resting spent in this place.
 E = Time spent auto-exploring this place.
 F = Levels seen in this place.
 G = Mean time per level.
                   A        B        C        D        E       F      G
               +--------+--------+--------+--------+--------+-----+--------+
         Total |   3958 |   3958 |      0 |   1897 |    284 |   1 | 3958.0 |
       Dungeon |   3958 |   3958 |      0 |   1897 |    284 |   1 | 3958.0 |
               +--------+--------+--------+--------+--------+-----+--------+

Top non-repeatable levels by time:
       D: 3958 daAuts
